 Dungeon Crawl Stone Soup version 0.23.0-3-gf3c87f2 (webtiles) character file.

Game seed: 4204925837793915688

361 Borgoz the Sneak (level 6, 0/45 HPs)
             Began as a Ghoul Enchanter on Feb 24, 2019.
             Slain by a river rat (10 damage)
             ... in a sewer.
             The game lasted 00:06:48 (2150 turns).

Borgoz the Sneak (Ghoul Enchanter)                  Turns: 2150, Time: 00:06:48

Health: 0/45       AC:  3    Str: 12    XL:     6   Next: 66%
Magic:  2/7        EV: 13    Int: 10    God:
Gold:   42         SH:  0    Dex: 11    Spells: 6/8 levels left

rFire    + . .     SeeInvis .   a - +2 dagger
rCold    + . .     Gourm    .   (no shield)
rNeg     + + +     Faith    .   b - +1 robe
rPois    ∞         Spirit   .   (no helmet)
rElec    .         Reflect  .   (no cloak)
rCorr    .         Harm     .   (no gloves)
MR       .....                  (no boots)
Stlth    ++........             (no amulet)
HPRegen  0.00/turn              l - ring of protection from fire
MPRegen  0.10/turn              (no ring)

@: very slightly contaminated, rotting, very slow
A: rotting body, claws 1, carnivore, cold resistance 1, negative energy
resistance 3, inhibited regeneration, torment resistance, unbreathing
a: no special abilities


You were in a sewer.
You were not hungry.

You visited 1 branch of the dungeon, and saw 3 of its levels.
You also visited: Sewer.

You collected 42 gold pieces.

Inventory:

Hand Weapons
 a - a +2 dagger (weapon)
Armour
 b - a +1 robe (worn)
Jewellery
 l - a ring of protection from fire (left claw)
Scrolls
 e - a scroll of amnesia
 g - 2 scrolls of enchant armour
 h - a scroll of remove curse
 k - a scroll of identify {unknown}
 m - a scroll of fear {unknown}
 n - a scroll of teleportation
 o - 2 scrolls of blinking
Potions
 c - a potion of curing {unknown}
 i - 4 potions of heal wounds {unknown}
 j - a potion of cancellation {unknown}
 p - a potion of haste {unknown}
Comestibles
 d - a ration
 f - 13 chunks of flesh


   Skills:
 * Level 3.6 Short Blades
 + Level 3.1 Dodging
 + Level 4.8 Stealth
 - Level 1.7 Spellcasting
 + Level 3.4 Hexes


You had 6 spell levels left.
You knew the following spells:

 Your Spells              Type           Power        Failure   Level  Hunger
a - Ensorcelled Hibernat  Hex/Ice        #.....       24%         2    ###....

Your spell library contained the following spells:

 Spells                   Type           Power        Failure   Level  Hunger
 Corona                   Hex            #......      8%          1    ##.....
 Confuse                  Hex            #.......     24%         3    ####...
 Tukima's Dance           Hex            #.......     24%         3    ####...
 Dazzling Spray           Conj/Hex       #.....       43%         3    ####...


Dungeon Overview and Level Annotations

Branches:
Dungeon (3/15)

Altars:


Innate Abilities, Weirdness & Mutations

Your body is rotting away.
You thrive on raw meat.
You are immune to poison.
You have sharp fingernails.
You are carnivorous and can eat meat at any time.
Your flesh is cold resistant. (rC+)
You are immune to negative energy. (rN+++)
You do not regenerate when monsters are visible.
You are immune to unholy pain and torment.
You can survive without breathing.


Message History

Your unstable footing causes you to fumble your attack.
The river rat misses you.
Your unstable footing causes you to fumble your attack.
The river rat barely misses you.
You barely miss the river rat.
The river rat is severely wounded.
The river rat bites you.
You hit the river rat but do no damage.
The river rat is severely wounded.
You barely miss the river rat.
The river rat is severely wounded.
The river rat bites you.
You barely miss the river rat.
The river rat is severely wounded.
The river rat bites you!
* * * LOW HITPOINT WARNING * * *
You barely miss the river rat.
The river rat is severely wounded.
The river rat bites you!
You die...

#....≈####≈....#####
#...≈.÷≈≈≈≈...≈≈≈≈≈≈
#≈.≈.≈####..≈≈≈#####
##≈.≈## ##.≈.## #
##≈## ##≈## #≈# #≈#
#≈# #≈# #≈# #≈# #@#
#≈# #≈r.# ≈≈ #≈....#
#.....≈≈ #.....###
##≈..## #####


You could see a river rat.

Vanquished Creatures
  2 big kobolds (Sewer)
  A hound (D:2)
  A worker ant (D:2)
  3 river rats
  5 adders
  5 oozes
  2 worms (D:2)
  3 dart slugs
  5 leopard geckos
  An orc (D:3)
  2 ball pythons
  2 bats
  12 giant cockroaches
  5 hobgoblins
  3 jackals (D:2)
  4 frilled lizards
  4 goblins
  8 kobolds
  13 rats
81 creatures vanquished.

Vanquished Creatures (others)
  5 toadstools (D:1)
5 creatures vanquished.

Grand Total: 86 creatures vanquished

Notes
Turn   | Place    | Note
-------+----------+-------------------------------------------
     0 | D:1      | Borgoz the Ghoul Enchanter began the quest for the Orb.
     0 | D:1      | Reached XP level 1. HP: 14/14 MP: 2/2
   219 | D:1      | Reached skill level 1 in Short Blades
   274 | D:1      | Reached XP level 2. HP: 11/20 MP: 3/3
   353 | D:1      | Learned a level 2 spell: Ensorcelled Hibernation
   606 | D:1      | Reached XP level 3. HP: 25/26 MP: 4/4
   876 | D:2      | Reached skill level 4 in Stealth
   876 | D:2      | Reached XP level 4. HP: 15/32 MP: 2/5
  1108 | D:2      | Reached XP level 5. HP: 33/38 MP: 6/6
  1853 | D:3      | Found a glowing drain.
  1880 | Sewer    | Entered a sewer
  1957 | Sewer    | Noticed a big kobold
  1958 | Sewer    | Noticed a big kobold
  1963 | Sewer    | Killed a big kobold
  1963 | Sewer    | Reached XP level 6. HP: 40/45 MP: 4/7
  2150 | Sewer    | Slain by a river rat

Skill      XL: |  1  2  3  4  5 |
---------------+----------------+-----
Short Blades   | 1 2 3 |  3.6
Dodging        | 2 3 |  3.1
Stealth        | 4 |  4.8
Hexes          | 3 |  3.4
Spellcasting   | |  1.7

Action                   |  1- 3 |  4- 6 || total
-------------------------+-------+-------++-------
Melee: Dagger            |   162 |   211 ||   373
 Cast: Ensorcelled Hiber |     1 |    10 ||    11
  Use: Scroll            |     7 |     1 ||     8
 Stab: Sleeping          |     7 |    12 ||    19
       Distracted        |       |     1 ||     1
  Eat: Chunk             |    18 |    11 ||    29
Armor: Robe              |    26 |    35 ||    61
Dodge: Dodged            |    88 |    87 ||   175
